 Dungeon Crawl Stone Soup version 0.19.0-24-gb05acd6 (webtiles) character file.

86847 Mesmaeker13 the Cleaver (level 15, -3/121 HPs)
             Began as a Demonspawn Gladiator on Nov 22, 2016.
             Was the Champion of Makhleb.
             Slain by TotoDurand's ghost (5 damage)
             ... on level 2 of the Orcish Mines.
             The game lasted 01:30:20 (26165 turns).

Mesmaeker13 the Cleaver (Demonspawn Gladiator)     Turns: 26165, Time: 01:30:21

Health: -3/121     AC: 15    Str: 16    XL:     15   Next: 42%
Magic:  23/23      EV: 17    Int: 16    God:    Makhleb [******]
Gold:   2155       SH:  6    Dex: 16    Spells: 3 memorised, 6 levels left

rFire  x . .     SeeInvis +     t - +8 war axe "Orb Guardian's Peril" {chop, SInv}
rCold  + . .     Gourm    .     S - +0 steam dragon scales
rNeg   . . .     Faith    .     G - +2 buckler
rPois  .         Spirit   .     H - +1 helmet
rElec  .         Reflect  .     d - +0 cloak
rCorr  .         Harm     .     y - +0 pair of gloves
MR     +....                    M - +0 pair of boots
Stlth  ++........               (no amulet)
                                c - ring of Zagykus {Dex+3 Stlth+}
                                D - ring of ice

@: heavily drained
A: hooves 1, iridescent scales 1, powered by death 3, spiny 1
a: Minor Destruction, Lesser Servant of Makhleb, Major Destruction, Greater
Servant of Makhleb, Renounce Religion


You were on level 2 of the Orcish Mines.
You worshipped Makhleb.
Makhleb was exalted by your worship.
You were not hungry.

You visited 4 branches of the dungeon, and saw 24 of its levels.
You also visited: Ice Cave.

You collected 2155 gold pieces.

Inventory:

Hand Weapons
 r - the +10 spear "Memor" {pierce, rN+ MP+9 Str+3 Stlth-}
   (You found it in an ice cave)

   It inflicts extra damage upon your enemies.
   It affects your strength (+3).
   It protects you from negative energy.
   It affects your magic capacity (+9).
   It makes you less stealthy.
 t - the +8 war axe "Orb Guardian's Peril" (weapon) {chop, SInv}
   (You found it on level 4 of the Dungeon)

   It inflicts extra damage upon your enemies.
   It lets you see invisible.
 E - a +0 blowgun
Missiles
 P - 2 throwing nets (quivered)
 U - 4 curare-tipped needles
Armour
 a - a +2 scale mail of cold resistance
 d - a +0 cloak (worn)
 x - the +8 chain mail of Joy {rN+ Slay+2}
   (You found it on level 5 of the Lair of Beasts)

   It affects your accuracy and damage with ranged weapons and melee attacks
   (+2).
   It protects you from negative energy.
 y - a +0 pair of gloves (worn)
 G - a +2 buckler (worn)
 H - a +1 helmet (worn)
 M - a +0 pair of boots (worn)
 S - +0 steam dragon scales (worn)
Jewellery
 c - the ring of Zagykus (right hand) {Dex+3 Stlth+}
   (You found it on level 5 of the Lair of Beasts)

   [ring of stealth]

   It affects your dexterity (+3).
   It makes you more stealthy.
 D - a ring of ice (left hand)
 F - the ring "Niqao" {*Slow rC+ Int+6 Stlth+}
   (You found it on level 7 of the Dungeon)

   [ring of stealth]

   It affects your intelligence (+6).
   It protects you from cold.
   It may slow you when you take damage.
   It makes you more stealthy.
 J - an uncursed ring of fire
 L - an uncursed ring of protection from magic
 R - an uncursed ring of protection from fire
Wands
 k - a wand of digging (0/24)
Scrolls
 h - 8 scrolls of remove curse
 i - 5 scrolls of blinking
 j - 5 scrolls of teleportation
 m - 3 scrolls of fog
 o - a scroll of holy word
 p - 3 scrolls of recharging
 s - 2 scrolls of magic mapping
 u - 2 scrolls of fear
Potions
 b - a potion of lignification
 e - 2 potions of brilliance
 l - 4 potions of curing
 q - a potion of resistance {unknown}
 z - 3 potions of flight
 A - a potion of agility
 O - a potion of cure mutation {unknown}
 Q - 2 potions of mutation {unknown}
 Y - 2 potions of magic
Books
 g - a book of Callings

   Spells                             Type                      Level
   a - Summon Small Mammal            Summoning                    1
   b - Call Imp                       Summoning                    2
   c - Call Canine Familiar           Summoning                    3
   d - Summon Guardian Golem          Hexes/Summoning              3
   e - Summon Lightning Spire         Summoning/Air                4
   f - Summon Ice Beast               Ice/Summoning                4
 n - a book of the Tempests

   Spells                             Type                      Level
   a - Static Discharge               Conjuration/Air              3
   b - Lightning Bolt                 Conjuration/Air              5
   c - Fireball                       Conjuration/Fire             5
   d - Tornado                        Air                          9
   e - Shatter                        Earth                        9
 C - a book of Burglary

   Spells                             Type                      Level
   a - Swiftness                      Charms/Air                   2
   b - Passwall                       Transmutation/Earth          2
   c - Passage of Golubria            Translocation                4
   d - Lee's Rapid Deconstruction     Earth                        5
   e - Darkness                       Hexes                        6
   f - Invisibility                   Hexes                        6
 N - a book of Necromancy

   Spells                             Type                      Level
   a - Pain                           Necromancy                   1
   b - Animate Skeleton               Necromancy                   1
   c - Vampiric Draining              Necromancy                   3
   d - Regeneration                   Charms/Necromancy            3
   e - Animate Dead                   Necromancy                   4
   f - Control Undead                 Necromancy                   4
 T - a book of Air

   Spells                             Type                      Level
   a - Shock                          Conjuration/Air              1
   b - Swiftness                      Charms/Air                   2
   c - Repel Missiles                 Charms/Air                   2
   d - Static Discharge               Conjuration/Air              3
   e - Lightning Bolt                 Conjuration/Air              5
Miscellaneous
 K - a phantom mirror
Comestibles
 f - 11 bread rations
 w - 8 beef jerkies
 I - 10 fruits


   Skills:
 + Level 12.2(10.6) Fighting
   Level 3.7(2.4) Long Blades
 + Level 13.0(11.3) Axes
 - Level 1.7(0.5) Throwing
 - Level 10.1(8.5) Armour
 - Level 9.2(7.7) Dodging
 + Level 3.2(1.9) Shields
 + Level 5.6(4.3) Charms
 - Level 10.4(8.8) Necromancy
 - Level 11.5(9.9) Invocations


You had 6 spell levels left.
You knew the following spells:

 Your Spells              Type           Power        Failure   Level  Hunger
a - Swiftness             Chrm/Air       #.......     21%         2    ###....
b - Repel Missiles        Chrm/Air       #.....       21%         2    ###....
c - Animate Dead          Necr           N/A          12%         4    #####..


Dungeon Overview and Level Annotations

Branches:
Dungeon (15/15)            Temple (1/1) D:5            Lair (6/6) D:9
  Swamp (0/4) Lair:2        Snake (0/4) Lair:4        Slime (0/5) Lair:5
    Orc (2/2) D:12         Vaults (0/5) D:13         Depths (0/5) D:15
    Elf: Orc:2

Altars:
Ashenzari
Cheibriados
Dithmenos
Elyvilon
Fedhas
Gozag
Hepliaklqana
Kikubaaqudgha
Makhleb
Nemelex Xobeh
Okawaru
Qazlal
Ru
Sif Muna
Trog
Uskayaw
Vehumet
Xom
Yredelemnul
Zin
The Shining One
Beogh
Jiyva

Shops:
D:8 =

Annotations:
Orc:2 TotoDurand's ghost, journeyman NaFi


Innate Abilities, Weirdness & Mutations

You have large cloven feet.
You are partially covered in iridescent scales. (AC +2)
You regenerate a lot of health from kills.
You are partially covered in sharp spines.


Message History

You closely miss TotoDurand's ghost.
TotoDurand's ghost is severely damaged.
TotoDurand's ghost hits you!
* * * LOW HITPOINT WARNING * * *
TotoDurand's ghost freezes you.
* * * LOW HITPOINT WARNING * * *
Your cacodemon hits TotoDurand's ghost!
Your cacodemon misses TotoDurand's ghost.
You hit TotoDurand's ghost.
TotoDurand's ghost is severely damaged.
You feel less woody.
Your +0 cloak unmelds from your body.
Your +1 helmet unmelds from your body.
Your +0 pair of gloves unmelds from your body.
Your +0 pair of boots unmelds from your body.
Your +0 steam dragon scales unmelds from your body.
TotoDurand's ghost whispers, "Soon you will have time, lots of time..."
TotoDurand's ghost hits you!!
* * * LOW HITPOINT WARNING * * *
TotoDurand's ghost freezes you.
You die...

#.o...................
#####..o.#.............o....
..≈)#.....#.................
..≈<#.......................
..≈.#o.# ........#..........
#####o# #.......#...........
#............ ##).).......#
#@W2)...#.... ##)#........#
####.#.#.### ######


You could see an orc warlord (fleeing), TotoDurand's ghost and a friendly
cacodemon.

Vanquished Creatures
  Gastronok (Lair:3)
  The ghost of Uhlv the Fighter, a journeyman MiBe of Trog (D:13)
  Harold (D:10)
  4 hydras
  Erica (D:8)
  A catoblepas (Lair:6)
  The ghost of nikopol the Spear-Bearer, a novice MiBe of Trog (D:10)
  A ghost crab (shapeshifter) (D:13)
  4 centaur warriors
  A deep troll shaman (Lair:6)
  7 death yaks
  Urug (D:12)
  Sonja (D:12)
  Nergalle (D:10)
  An unseen horror (shapeshifter) (D:13)
  8 unseen horrors
  6 hill giants
  A wizard (D:14)
  A lindwurm (Lair:6)
  Pikel (D:6)
  2 orc knights
  A necromancer (IceCv)
  A deep elf mage (D:14)
  A wolf spider (D:13)
  10 ugly things
  3 manticores
  4 orc sorcerers
  3 cyclopes
  3 ice statues (IceCv)
  Maurice (D:12)
  3 black mambas
  4 elephants
  Psyche (D:12)
  11 spiny frogs
  A gargoyle (D:10)
  4 rime drakes
  An efreet (D:15)
  A kobold demonologist (D:11)
  12 komodo dragons
  A yaktaur (D:15)
  7 ice devils (IceCv)
  A queen bee (Lair:2)
  5 trolls
  3 meliai (D:13)
  2 tengu conjurers (D:14)
  A troll (shapeshifter) (D:13)
  7 slime creatures
  A hornet (D:11)
  14 blink frogs
  A polar bear (Lair:6)
  2 two-headed ogres
  Grinder (D:4)
  4 dream sheep (Lair:6)
  10 hippogriffs
  A centaur simulacrum (D:14)
  45 yaks
  2 wyverns
  3 hogs (Lair:5)
  A hog (shapeshifter) (D:11)
  A wraith (D:14)
  A basilisk (shapeshifter) (D:15)
  4 basilisks
  2 steam dragons
  6 hungry ghosts
  2 mottled dragons
  A warg (Orc:2)
  2 soldier ants (D:11)
  5 water moccasins
  A swamp drake (Lair:2)
  22 orc warriors
  6 porcupines
  3 ice beasts
  5 sky beasts
  3 black bears
  6 phantoms
  A hornet zombie (D:13)
  7 ogres
  2 necrophages
  8 centaurs
  26 wolves
  11 crocodiles
  Blork the orc (D:5)
  A big kobold (D:7)
  10 bullfrogs
  A wyvern zombie (D:12)
  5 wyvern skeletons
  5 scorpions
  31 killer bees
  5 wights (D:15)
  A howler monkey (D:10)
  6 electric eels (D:9)
  A bullfrog zombie (D:5)
  2 crimson imps
  4 centaur zombies
  3 quasits
  5 centaur skeletons
  A draconian simulacrum (IceCv)
  5 hounds
  2 jellies
  Crazy Yiuf (D:4)
  17 orc priests
  11 iguanas
  Natasha (thrice) (D:4)
  17 orc wizards
  13 worker ants
  3 troll simulacra (IceCv)
  A spriggan simulacrum (IceCv)
  A killer bee zombie (D:7)
  A hound skeleton (D:6)
  10 gnolls
  4 naga simulacra (IceCv)
  9 adders
  An ogre simulacrum (IceCv)
  A shadow imp (D:12)
  2 adder skeletons
  2 worms
  3 dart slugs
  7 leopard geckos
  68 orcs
  4 giant cockroaches
  3 goblins
  4 hobgoblins
  13 jackals
  13 kobolds
  6 quokkas
  3 ball pythons
  5 bats
  6 frilled lizards
  A jackal skeleton (D:4)
  9 rats
  4 fungi
  A plant (Lair:3)
684 creatures vanquished.

Vanquished Creatures (collateral kills)
  Kirke (Lair:5)
  3 hogs (Lair:5)
  A porcupine (Lair:4)
  4 orc warriors
  An ogre (D:14)
  An orc wizard (D:12)
  An orc priest (D:14)
  6 orcs (D:14)
18 creatures vanquished.

Vanquished Creatures (others)
  A death yak (Lair:6)
  16 fungi
  4 plants
21 creatures vanquished.

Grand Total: 723 creatures vanquished

Notes
Turn   | Place    | Note
-------+----------+-------------------------------------------
     0 | D:1      | Mesmaeker13 the Demonspawn Gladiator began the quest for the Orb.
     0 | D:1      | Reached XP level 1. HP: 16/16 MP: 1/1
   159 | D:1      | Gained mutation: You regenerate a little health from kills. [demonic ancestry]
   159 | D:1      | Reached XP level 2. HP: 18/23 MP: 2/2
   789 | D:2      | Gained mutation: You have large cloven feet. [demonic ancestry]
   789 | D:2      | Reached XP level 3. HP: 19/28 MP: 3/3
  1616 | D:2      | Reached XP level 4. HP: 34/34 MP: 4/4
  2408 | D:3      | Reached XP level 5. HP: 34/41 MP: 5/5
  2648 | D:3      | Noticed a phantom
  2850 | D:4      | Found an iron altar of Okawaru.
  2967 | D:4      | Got an encrusted war axe
  2968 | D:4      | Identified the +8 war axe "Orb Guardian's Peril" {chop, SInv} (You found it on level 4 of the Dungeon)
  3076 | D:4      | Noticed Grinder
  3086 | D:4      | Killed Grinder
  3086 | D:4      | Reached skill level 1 in Axes
  3086 | D:4      | Gained mutation: You are partially covered in iridescent scales. (AC +2) [demonic ancestry]
  3086 | D:4      | Reached XP level 6. HP: 47/49 MP: 6/6
  3163 | D:4      | Noticed Natasha
  3165 | D:4      | Killed Natasha
  3238 | D:4      | Noticed Natasha
  3243 | D:4      | Killed Natasha
  3243 | D:4      | Reached skill level 2 in Axes
  3270 | D:4      | Found a runed door.
  3473 | D:4      | Noticed Natasha
  3475 | D:4      | Killed Natasha
  3656 | D:3      | Reached skill level 5 in Dodging
  3656 | D:3      | Reached XP level 7. HP: 49/55 MP: 7/7
  3865 | D:4      | Noticed Crazy Yiuf
  3868 | D:4      | Killed Crazy Yiuf
  3925 | D:5      | Entered Level 5 of the Dungeon
  3937 | D:5      | Found a sparkling altar of Nemelex Xobeh.
  3987 | D:5      | You fall through a shaft for 3 floors!
  3987 | D:8      | Noticed a hippogriff
  3998 | D:7      | Killed a hippogriff
  3998 | D:7      | Reached skill level 5 in Fighting
  3998 | D:7      | Reached skill level 3 in Axes
  4080 | D:7      | Reached XP level 8. HP: 38/63 MP: 8/8
  4417 | D:6      | Reached skill level 4 in Axes
  4625 | D:6      | Reached skill level 1 in Armour
  4715 | D:6      | Noticed Pikel
  4741 | D:6      | Killed Pikel
  4741 | D:6      | Reached skill level 5 in Axes
  4800 | D:6      | Gained mutation: You are partially covered in sharp spines. [demonic ancestry]
  4800 | D:6      | Reached XP level 9. HP: 70/72 MP: 9/9
  4919 | D:5      | Noticed Blork the orc
  4923 | D:5      | Killed Blork the orc
  4977 | D:5      | Found a staircase to the Ecumenical Temple.
  4987 | Temple   | Entered the Ecumenical Temple
  5106 | Temple   | Became a worshipper of Makhleb the Destroyer
  5682 | D:7      | Reached skill level 1 in Invocations
  5710 | D:7      | Got an ancient glass ring
  5748 | D:7      | Identified the ring "Niqao" {*Slow rC+ Int+6 Stlth+} (You found it on level 7 of the Dungeon)
  6335 | D:7      | Reached * piety under Makhleb
  6397 | D:8      | Reached skill level 6 in Axes
  6408 | D:8      | Found Ownyuc's Jewellery Emporium.
  6531 | D:8      | Noticed Erica
  6544 | D:8      | Killed Erica
  6640 | D:8      | Reached XP level 10. HP: 79/80 MP: 13/13
  6803 | D:9      | Reached skill level 5 in Invocations
  7407 | D:9      | Reached skill level 5 in Armour
  7469 | D:9      | Found a staircase to the Lair.
  7706 | D:10     | Entered Level 10 of the Dungeon
  7807 | D:10     | Reached ** piety under Makhleb
  7929 | D:10     | Noticed a hill giant
  7929 | D:10     | Noticed a gargoyle
  7990 | D:10     | Killed a gargoyle
  7990 | D:10     | Reached skill level 7 in Axes
  8010 | D:10     | Noticed Nergalle
  8037 | D:10     | Killed Nergalle
  8186 | D:10     | Noticed nikopol's ghost (novice MiBe)
  8198 | D:10     | Killed nikopol's ghost
  8551 | D:10     | Noticed Harold
  8574 | D:10     | Killed Harold
  8691 | D:10     | Reached XP level 11. HP: 81/89 MP: 16/16
  8786 | D:10     | Killed a hill giant
  9078 | Lair:1   | Entered Level 1 of the Lair of Beasts
  9171 | Lair:1   | Reached skill level 8 in Axes
  9704 | Lair:1   | Learned a level 2 spell: Swiftness
  9832 | Lair:2   | Reached skill level 10 in Fighting
  9854 | Lair:2   | Reached *** piety under Makhleb
  9854 | Lair:2   | Reached skill level 1 in Charms
  9869 | Lair:2   | Found a staircase to the Swamp.
  9956 | Lair:2   | Found a frozen archway.
  9974 | IceCv    | Entered an ice cave
 12353 | IceCv    | Noticed a necromancer
 12372 | IceCv    | Killed a necromancer
 12372 | IceCv    | Reached skill level 9 in Axes
 12378 | IceCv    | Got an iridescent battleaxe
 12382 | IceCv    | Got an encrusted spear
 12388 | IceCv    | Identified the +10 spear "Memor" {pierce, rN+ MP+9 Str+3 Stlth-} (You found it in an ice cave)
 12389 | IceCv    | Identified the +3 battleaxe "Nosam" {elec, rN+} (You found it in an ice cave)
 12563 | Lair:3   | Noticed a four-headed hydra
 12564 | Lair:3   | Reached XP level 12. HP: 91/99 MP: 18/18
 13479 | Lair:2   | Reached **** piety under Makhleb
 13569 | Lair:2   | Reached skill level 5 in Charms
 13586 | Lair:2   | Got a spiked plate armour
 13766 | Lair:2   | Identified the +4 plate armour "Patt" {rElec rF- Dex+3} (You found it on level 2 of the Lair of Beasts)
 14419 | Lair:3   | Reached skill level 10 in Axes
 14428 | Lair:3   | Learned a level 2 spell: Repel Missiles
 14433 | Lair:3   | Learned a level 4 spell: Animate Dead
 14499 | Lair:3   | Killed a four-headed hydra
 14499 | Lair:3   | Reached skill level 1 in Necromancy
 14730 | Lair:3   | Noticed Gastronok
 14740 | Lair:3   | Killed Gastronok
 15129 | Lair:4   | Gained mutation: You regenerate health from kills. [demonic ancestry]
 15129 | Lair:4   | Reached XP level 13. HP: 107/107 MP: 19/19
 15184 | Lair:4   | Reached ***** piety under Makhleb
 16308 | Lair:4   | Found a staircase to the Snake Pit.
 16595 | Lair:5   | Found a staircase to the Slime Pits.
 16595 | Lair:5   | Found a viscous altar of Jiyva.
 16715 | Lair:5   | Noticed Kirke
 16726 | Lair:5   | Killed Kirke
 16726 | Lair:5   | Reached skill level 10 in Armour
 16919 | Lair:5   | Got a twitching pewter ring
 16921 | Lair:5   | Identified the ring of Zagykus {Dex+3 Stlth+} (You found it on level 5 of the Lair of Beasts)
 17044 | Lair:5   | Reached skill level 5 in Necromancy
 17584 | Lair:5   | Got an aquamarine-encrusted chain mail
 17598 | Lair:5   | Identified the +8 chain mail of Joy {rN+ Slay+2} (You found it on level 5 of the Lair of Beasts)
 17600 | Lair:6   | Entered Level 6 of the Lair of Beasts
 17634 | Lair:6   | Reached skill level 11 in Axes
 18342 | Lair:6   | Gained mutation: You regenerate a lot of health from kills. [demonic ancestry]
 18342 | Lair:6   | Reached XP level 14. HP: 115/115 MP: 20/20
 18356 | Lair:6   | Got a steaming plate armour
 18390 | Lair:6   | Identified the cursed +0 plate armour of the Ageless Stars {rC+ rN+ MR+} (You found it on level 6 of the Lair of Beasts)
 19943 | D:12     | Noticed Urug
 19945 | D:12     | Noticed Sonja
 20036 | D:12     | Killed Sonja
 20121 | D:12     | Killed Urug
 20256 | D:12     | Found a staircase to the Orcish Mines.
 20268 | D:12     | Noticed Maurice
 20273 | D:12     | Noticed Psyche
 20280 | D:12     | Killed Psyche
 20299 | D:12     | Killed Maurice
 21063 | D:13     | Found a gate to the Vaults.
 21127 | D:13     | Reached skill level 12 in Axes
 21698 | D:13     | Noticed Uhlv's ghost (journeyman MiBe)
 21724 | D:13     | Killed Uhlv's ghost
 21793 | D:13     | Reached skill level 10 in Invocations
 22303 | D:14     | Reached XP level 15. HP: 120/120 MP: 23/23
 22493 | D:14     | Found a roughly hewn altar of Beogh.
 22545 | D:14     | Reached ****** piety under Makhleb
 22691 | D:15     | Entered Level 15 of the Dungeon
 22694 | D:15     | Reached skill level 1 in Shields
 22826 | D:15     | Reached skill level 10 in Necromancy
 23644 | D:15     | Found a staircase to the Depths.
 23644 | D:15     | Noticed a frost giant
 23939 | D:15     | Paralysed by an orc sorcerer for 4 turns
 25204 | Orc:1    | Entered Level 1 of the Orcish Mines
 25341 | Orc:1    | Found a burning altar of Makhleb.
 25492 | Orc:2    | Entered Level 2 of the Orcish Mines
 25509 | Orc:2    | Found a deep blue altar of Sif Muna.
 25578 | Orc:2    | Noticed TotoDurand's ghost (journeyman NaFi)
 25875 | Orc:2    | Paralysed by an orc sorcerer for 7 turns
 25881 | Orc:2    | Noticed an orc warlord
 26132 | Orc:2    | Noticed an orc warlord
 26140 | Orc:2    | Reached skill level 13 in Axes
 26165 | Orc:2    | HP: 2/121 [TotoDurand's ghost (20)]
 26165 | Orc:2    | Slain by TotoDurand's ghost

Skill      XL: |  1  2  3  4  5  6  7  8  9 10 11 12 13 14 15 |
---------------+----------------------------------------------+-----
Dodging        | 3 4 5 6 7 9 |  9.2
Long Blades    | 3 |  3.7
Fighting       | 3 4 5 7 8 9 10 11 12 | 12.2
Axes           | 1 2 3 5 6 7 9 10 11 12 13 | 13.0
Armour         | 2 4 6 7 9 10 | 10.1
Invocations    | 4 7 8 9 10 11 | 11.5
Charms         | 3 5 |  5.6
Necromancy     | 2 6 9 10 | 10.4
Shields        | 3 |  3.2
Throwing       | |  1.7

Action                   |  1- 3 |  4- 6 |  7- 9 | 10-12 | 13-15 || total
-------------------------+-------+-------+-------+-------+-------++-------
Melee: Long sword        |    92 |    93 |       |       |       ||   185
       Kick              |    13 |    38 |    32 |       |       ||    83
       War axe           |       |    34 |   158 |   551 |   989 ||  1732
       Spear             |       |       |       |     6 |    20 ||    26
       Unarmed           |       |       |       |       |     3 ||     3
 Fire: Blowgun           |       |       |       |       |     9 ||     9
Throw: Throwing net      |     4 |       |       |     5 |     1 ||    10
       Tomahawk          |       |     8 |    10 |       |     2 ||    20
 Cast: Animate Dead      |       |       |       |       |     6 ||     6
       Repel Missiles    |       |       |       |       |     3 ||     3
Invok: Minor Destruction |       |       |       |    12 |     1 ||    13
       Lesser Servant of |       |       |       |     7 |    12 ||    19
       Major Destruction |       |       |       |     1 |     1 ||     2
       Greater Servant o |       |       |       |       |     2 ||     2
Evoke: Wand              |       |       |     7 |    18 |     5 ||    30
  Use: Scroll            |       |     5 |     7 |     6 |    21 ||    39
       Potion            |       |     2 |     8 |     4 |     4 ||    18
 Stab: Sleeping          |     1 |       |       |     2 |     2 ||     5
       Held in net/web   |     1 |       |       |       |       ||     1
       Invisible         |       |       |     1 |       |       ||     1
       Distracted        |       |       |       |     1 |     2 ||     3
       Petrified         |       |       |       |       |    14 ||    14
  Eat: Chunk             |     2 |     7 |    11 |    17 |    31 ||    68
       Bread ration      |       |       |       |     3 |     2 ||     5
       Royal jelly       |       |       |       |       |     1 ||     1
Armor: Leather armour    |    17 |    28 |    15 |       |       ||    60
       Skin              |       |       |    13 |    10 |    10 ||    33
       Scale mail        |       |       |    53 |    66 |    27 ||   146
       Steam dragon scal |       |       |       |   119 |    95 ||   214
       Plate armour      |       |       |       |    10 |       ||    10
       Chain mail        |       |       |       |       |   309 ||   309
Dodge: Dodged            |    68 |    94 |    93 |   357 |   524 ||  1136
       Deflected         |       |       |       |       |     3 ||     3
Block: Buckler           |       |       |       |       |    59 ||    59
       Rpst.: Long sword |    24 |    30 |       |       |       ||    54
